 Dungeon Sprint DCSS version 0.30.1-11-g7821555f0a (webtiles) character file.

Game seed: 8823283616055472859

109 Groucho the Skirmisher (level 4, -8/28 HPs)
             Began as a Deep Elf Hunter on Jan 3, 2024.
             Was a Believer of Dithmenos.
             Mangled by a gnoll sergeant
             ... wielding a +0 spear of flaming
              (13 damage)
             ... in the Dungeon (Sprint VII: "The Pits").
             The game lasted 00:02:35 (468 turns).

Groucho the Skirmisher (Deep Elf Hunter)             Turns: 468, Time: 00:02:35

Health: -8/28      AC:  3    Str:  8    XL:     4   Next: 60%
Magic:  6/6        EV: 14    Int: 14    God:    Dithmenos [**....]
Gold:   0          SH:  0    Dex: 20    Spells: 3/3 levels left

rFire   . . .        a - +0 shortbow
rCold   . . .        (shield currently unavailable)
rNeg    . . .        c - +0 leather armour
rPois   .            (no helmet)
rElec   .            (no cloak)
rCorr   .            (no gloves)
SInv    .            (no boots)
Will    .....        (no amulet)
Stlth   ++++         (no ring)
HPRegen 0.24/turn    (no ring)
MPRegen 0.10/turn

%: no teleportation
@: wreathed by umbra
A: no striking features
a: Renounce Religion, Shadow Step


You were in the Dungeon.
You worshipped Dithmenos.
Dithmenos was pleased with you.
You visited 1 branch

Inventory:

Hand Weapons
 a - a +0 shortbow (weapon)
 j - a +2 trident
 n - a +2 quarterstaff
Armour
 c - a +0 leather armour (worn)
Scrolls
 b - a scroll of immolation
 l - 5 scrolls of amnesia
 m - a scroll of butterflies
Potions
 g - 4 potions of magic
 h - 3 potions of berserk rage
 k - 2 potions of invisibility


   Skills:
 + Level 3.6 Fighting
 + Level 8.0 Ranged Weapons
 + Level 3.0 Armour
 + Level 5.3 Dodging
 + Level 5.2 Stealth


You had 3 spell levels left.
You didn't know any spells.
Your spell library was empty.

Dungeon Overview and Level Annotations

Branches:
Dungeon (1/1)

Altars:
Ashenzari
Cheibriados
Dithmenos
Elyvilon
Fedhas
Gozag
Hepliaklqana
Kikubaaqudgha
Makhleb
Nemelex Xobeh
Okawaru
Qazlal
Ru
Sif Muna
Trog
Uskayaw
Vehumet
Wu Jian
Xom
Yredelemnul
Zin
The Shining One
Jiyva
Lugonu


Message History

You are too injured to fight recklessly!
Fire: a) +0 shortbow
Press: ? - help, Q - select action, (/) - cycle Shift-Dir - straight line, f - gnoll sergeant
Aim: a gnoll sergeant, wielding a +0 spear of flaming and wearing a +0 ring mail (heavily wounded, 73% to hit)
You shoot an arrow. The arrow hits the gnoll sergeant.
The gnoll sergeant is severely wounded.
Unknown command.
Fire: a) +0 shortbow
Press: ? - help, Q - select action, (/) - cycle Shift-Dir - straight line, f/p - gnoll sergeant
Aim: a gnoll sergeant, wielding a +0 spear of flaming and wearing a +0 ring mail (severely wounded, 73% to hit)
You shoot an arrow. The arrow hits the gnoll sergeant.
The gnoll sergeant is severely wounded.
Unknown command.
Fire: a) +0 shortbow
Press: ? - help, Q - select action, (/) - cycle Shift-Dir - straight line, f/p - gnoll sergeant
Aim: a gnoll sergeant, wielding a +0 spear of flaming and wearing a +0 ring mail (severely wounded, 73% to hit)
You shoot an arrow.
The arrow barely misses the gnoll sergeant.
Unknown command.
Fire: a) +0 shortbow
Press: ? - help, Q - select action, (/) - cycle Shift-Dir - straight line, f/p - gnoll sergeant
Aim: a gnoll sergeant, wielding a +0 spear of flaming and wearing a +0 ring mail (severely wounded, 73% to hit)
You shoot an arrow.
The arrow hits the gnoll sergeant but does no damage.
The gnoll sergeant is severely wounded.
Unknown command.
Fire: a) +0 shortbow
Press: ? - help, Q - select action, (/) - cycle Shift-Dir - straight line, f/p - gnoll sergeant
Aim: a gnoll sergeant, wielding a +0 spear of flaming and wearing a +0 ring mail (severely wounded, umbra, 73% to hit)
You shoot an arrow.
The arrow hits the gnoll sergeant but does no damage.
The gnoll sergeant is severely wounded.
Unknown command.
Fire: a) +0 shortbow
Press: ? - help, Q - select action, (/) - cycle Shift-Dir - straight line, f/p - gnoll sergeant
Aim: a gnoll sergeant, wielding a +0 spear of flaming and wearing a +0 ring mail (severely wounded, umbra, 73% to hit)
You shoot an arrow. The arrow hits the gnoll sergeant.
The gnoll sergeant is severely wounded.
The gnoll sergeant hits you from afar with a +0 spear of flaming!
You die...

######### _______.#
_______.#
_____...###########++######
#######'##................#
(.'.))'.##......#..#......#
#######.##................+
.....).g)g....g.@.........+
####'#####......#..#......#
..#..# #................#
..'..# ####'#####++######
..#### #.......# ..#
#.......# ..# #.......# #'#
#...<...# .g. #.......#


You could see a gnoll sergeant and a gnoll (wandering).

Vanquished Creatures
  A scorpion (D)
  4 gnolls (D)
  A ball python (D)
  A bat skeleton (D)
  An endoplasm (D)
  A hobgoblin (D)
  2 jackals (D)
11 creatures vanquished.

Notes
Turn   | Place    | Note
-------+----------+-------------------------------------------
     0 | D        | Groucho the Deep Elf Hunter began the quest for the Orb.
     0 | D        | Reached XP level 1. HP: 12/12 MP: 3/3
    16 | D        | Reached skill level 6 in Ranged Weapons
    48 | D        | Found a bloodstained altar of Trog.
    48 | D        | Found a shimmering blue altar of Sif Muna.
    48 | D        | Found a viscous altar of Jiyva.
    48 | D        | Found a hazy altar of Hepliaklqana.
    48 | D        | Found an opulent altar of Gozag.
    49 | D        | Found a glowing golden altar of the Shining One.
    49 | D        | Found a glowing silver altar of Zin.
    49 | D        | Found a basalt altar of Yredelemnul.
    49 | D        | Found a shimmering altar of Xom.
    49 | D        | Found an ornate altar of the Wu Jian Council.
    49 | D        | Found a sacrificial altar of Ru.
    49 | D        | Found a stormy altar of Qazlal.
    49 | D        | Found an iron altar of Okawaru.
    49 | D        | Found a sparkling altar of Nemelex Xobeh.
    49 | D        | Found a burning altar of Makhleb.
    49 | D        | Found a blossoming altar of Fedhas.
    49 | D        | Found a white marble altar of Elyvilon.
    49 | D        | Found a shadowy altar of Dithmenos.
    49 | D        | Found a snail-covered altar of Cheibriados.
    50 | D        | Found a radiant altar of Vehumet.
    50 | D        | Found a corrupted altar of Lugonu.
    51 | D        | Found an ancient bone altar of Kikubaaqudgha.
    51 | D        | Found a hide-covered altar of Uskayaw.
    51 | D        | Found a broken altar of Ashenzari.
    57 | D        | Became a worshipper of Dithmenos the Shadowed
    78 | D        | Reached * piety under Dithmenos
    85 | D        | Noticed a scorpion
    91 | D        | Reached skill level 1 in Armour
    91 | D        | Reached XP level 2. HP: 17/17 MP: 4/4
   115 | D        | Killed a scorpion
   115 | D        | Reached ** piety under Dithmenos
   116 | D        | Reached skill level 7 in Ranged Weapons
   116 | D        | Reached XP level 3. HP: 16/23 MP: 5/5
   116 | D        | Reached XP level 4. HP: 20/28 MP: 6/6
   387 | D        | Reached skill level 5 in Dodging
   396 | D        | Reached skill level 5 in Stealth
   451 | D        | Reached skill level 8 in Ranged Weapons
   455 | D        | Noticed a gnoll sergeant
   468 | D        | Mangled by a gnoll sergeant

Illustrated notes

Levels and vault maps discovered:
D:        pitsprint [storerooms_1, entrance_room_1, metal_vault_7, armoury_3,
          mini_pit_1, grid_room_1, main_hall_1, silver_pit, the_coven_1,
          the_vestibule_1, steel_vault_2, golden_pit, hallway_of_sentries,
          crystal_vault_4, iron_vault_2, final_vault]

Skill      XL: |  1  2  3  4 |
---------------+-------------+-----
Ranged Weapons | 6 7 8 |  8.0
Fighting       | 2 3 |  3.6
Armour         | 1 2 3 |  3.0
Dodging        | 3 4 5 |  5.3
Stealth        | 2 4 5 |  5.2

Action                     |  1- 3 |  4- 6 || total
---------------------------+-------+-------++-------
   Fire: Shortbow          |    22 |    27 ||    49
    Use: Potion            |     2 |     1 ||     3
         Scroll            |       |     1 ||     1
 Armour: Leather armour    |     5 |       ||     5
  Dodge: Dodged            |    19 |     5 ||    24
